 Dungeon Crawl Stone Soup version 0.22.1-2-g9c5b331 (webtiles) character file.

41444 shamaniam the Grappler (level 13, -17/124 HPs)
             Began as a Troll Fighter on Nov 25, 2018.
             Was a High Priest of Ru.
             Demolished by a komodo dragon (27 damage)
             ... on level 5 of the Lair of Beasts.
             The game lasted 01:28:16 (17893 turns).

shamaniam the Grappler (Troll Fighter)             Turns: 17893, Time: 01:28:17

Health: -17/124    AC: 10    Str: 28    XL:     13   Next: 80%
Magic:  18/18      EV: 10    Int:  6    God:    Ru [*****.]
Gold:   522        SH: 21    Dex: 10    Spells: 11/21 levels left

rFire    . . .     SeeInvis .   b - +2 scimitar (flame)
rCold    x . .     Gourm    +   o - +0 large shield
rNeg     . . .     Faith    .   G - +0 acid dragon scales
rPois    .         Spirit   .   (helmet restricted)
rElec    .         Reflect  +   a - scarf {cloud immunity}
rCorr    +         Harm     .   (gloves unavailable)
MR       .....                  (boots unavailable)
Stlth    +.........             q - +4 amulet of reflection
HPRegen  0.70/turn              y - ring of protection from fire
MPRegen  0.16/turn              i - ring of wizardry

@: no status effects
A: large, unfitting armour, claws 3, fast metabolism 3, gourmand, regeneration
1, shaggy fur 1, tough skin 2, inexperienced 1, temperature sensitive
a: Draw Out Power, Power Leap, Apocalypse, Renounce Religion


You were on level 5 of the Lair of Beasts.
You worshipped Ru.
Ru was extremely pleased with you.
You were completely stuffed.

You visited 2 branches of the dungeon, and saw 17 of its levels.

You collected 1002 gold pieces.
You spent 480 gold pieces at shops.

Inventory:

Hand Weapons
 b - a +2 scimitar of flaming (weapon)
 K - the +5 hand axe of Ebyff {chop, rPois MR++}
   (You found it on level 2 of the Lair of Beasts)

   It inflicts extra damage upon your enemies.
   It protects you from poison.
   It affects your resistance to hostile enchantments.
Missiles
 u - 16 large rocks (quivered)
 w - 7 javelins of returning
Armour
 a - a scarf of cloud immunity (worn)
 o - a +0 large shield (worn)
 G - +0 acid dragon scales (worn)
Magical Staves
 l - an uncursed staff of air
Jewellery
 e - an uncursed ring of protection from cold
 i - a ring of wizardry (right claw)
 p - an uncursed ring of see invisible
 q - a +4 amulet of reflection (around neck)
 s - an uncursed ring of resist corrosion
 y - a ring of protection from fire (left claw)
 E - an uncursed ring of protection from cold
Wands
 z - a wand of iceblast (3)
 A - a wand of enslavement (14)
 L - a wand of flame (55)
 M - a wand of digging (16)
 T - a wand of scattershot (7)
Scrolls
 f - 7 scrolls of remove curse
 g - 8 scrolls of identify
 m - a scroll of magic mapping
 B - 4 scrolls of amnesia
 C - a scroll of holy word
 D - 4 scrolls of enchant armour
 I - a scroll of fear
 J - 3 scrolls of blinking
 N - 10 scrolls of teleportation
 Q - a scroll of fog
Potions
 d - 6 potions of might
 h - 3 potions of heal wounds
 j - 3 potions of agility
 k - a potion of berserk rage
 n - a potion of magic
 r - 3 potions of curing
 t - a potion of lignification
 v - a potion of brilliance
 x - 2 potions of flight
 F - 2 potions of ambrosia
 H - a potion of haste
 O - a potion of mutation
Comestibles
 c - 32 rations
 R - 6 chunks of flesh


   Skills:
 + Level 7.3 Fighting
 - Level 3.0 Throwing
 + Level 6.9 Armour
 + Level 7.3 Dodging
 + Level 8.2 Shields
 + Level 12.3 Unarmed Combat
 + Level 4.5 Spellcasting
 + Level 3.7 Hexes
 + Level 6.0 Evocations


You had 11 spell levels left.
You knew the following spells:

 Your Spells              Type           Power        Failure   Level  Hunger
a - Silence               Hex/Air        #.........   100%        5    ######.
b - Cause Fear            Hex            #.........   77%         4    #####..
c - Confusing Touch       Hex            #.....       14%         1    ##.....

Your spell library contained the following spells:

 Spells                   Type           Power        Failure   Level  Hunger
 Corona                   Hex            #......      14%         1    ##.....
 Ensorcelled Hibernation  Hex/Ice        #.....       38%         2    ###....
 Confuse                  Hex            #.......     38%         3    ####...
 Tukima's Dance           Hex            #.......     38%         3    ####...
 Animate Skeleton         Necr           N/A          52%         1    ##.....
 Apportation              Tloc           #.....       52%         1    ##.....
 Infusion                 Chrm           #...         52%         1    ##.....
 Summon Small Mammal      Summ           #...         52%         1    ##.....
 Dazzling Spray           Conj/Hex       #.....       61%         3    ####...
 Spectral Weapon          Hex/Chrm       #.......     61%         3    ####...
 Shroud of Golubria       Chrm/Tloc      #.........   65%         2    ###....
 Song of Slaying          Chrm           #.......     65%         2    ###....
 Regeneration             Chrm/Necr      #.........   86%         3    ####...
 Leda's Liquefaction      Hex/Erth       #.........   94%         4    #####..
 Bolt of Magma            Conj/Fire/Erth #.........   100%        5    ######.
 Irradiate                Conj/Tmut      #.........   100%        5    ######.
 Yara's Violent Unravell  Hex/Tmut       #.........   100%        5    ######.
 Deflect Missiles         Chrm/Air       #.........   100%        6    #######
 Hydra Form               Tmut           #.........   100%        6    #######
 Iron Shot                Conj/Erth      #.........   100%        6    #######
 Statue Form              Tmut/Erth      #........    100%        6    #######
 Dragon Form              Tmut           #.........   100%        7    #######
 Discord                  Hex            #.........   100%        8    #######
 Shatter                  Erth           #.........   100%        9    #######


Dungeon Overview and Level Annotations

Branches:
Dungeon (12/15)            Temple (0/1) D:6            Lair (5/6) D:9
 Shoals (0/4) Lair:2        Snake (0/4) Lair:3          Orc (0/2) D:9
  Slime: Lair:5-6

Altars:
Ashenzari
Cheibriados
Dithmenos
Elyvilon
Gozag
Hepliaklqana
Ru
Sif Muna
Trog
Uskayaw
Vehumet
Wu Jian
Xom
Yredelemnul
Zin
The Shining One

Shops:
D:7 !   D:11 :

Portals:
Trove: D:12 (give +4 ice dragon scales)

Annotations:
Lair:1 2 transporters, servayboy's ghost, journeyman MiFi


Innate Abilities, Weirdness & Mutations

You are too large for most types of armour.
You have claws for hands.
Your metabolism is lightning-fast.
You like to eat raw meat.
Your natural rate of healing is unusually fast.
You are covered in fur. (AC +1)
You have very tough skin. (AC +2)
You are somewhat inexperienced. (-2 XL)
You are sensitive to extremes of temperature. (rF-, rC-)


Message History

The basilisk bites you but does no damage.
You block the two-headed hydra's attack.
The two-headed hydra misses you. You block the basilisk's attack.
You block the komodo dragon's attack.
You block the two-headed hydra's attack.
The two-headed hydra bites you but does no damage.
You hack one of the two-headed hydra's heads off!
The flame cauterises the wound!
You hit the one-headed hydra. You burn the one-headed hydra.
The one-headed hydra is heavily wounded.
The basilisk gazes at you.
You easily resist.
The one-headed hydra bites you.
* * * LOW HITPOINT WARNING * * *
You block the komodo dragon's attack.
You completely miss the one-headed hydra.
The one-headed hydra is heavily wounded.
The basilisk is stunned by your will and fails to attack.
You block the one-headed hydra's attack.
The komodo dragon bites you!!
You die...

##....P.. ##......P...
.........P#
##........#..#.........#
†............#........+.
#........... ..........P
##.........###........##
##........# #..........#
#..#..P.P.# #.l.D......
###.....#. #..@l....#
#....#########........#
.#.#.#####.##.#....#.##
#..####....##....P#### ######
#..P#...#.###PP...P#.#######..#..
..........##P.......#.##.P.......
.÷<......##.....P....#...........
............#.P..P...##.#........
...................P#...###......


You could see an one-headed hydra, a komodo dragon (blind) and a basilisk.

Vanquished Creatures
  5 hydras
  Erica (D:9)
  6 two-headed ogres
  2 tengu warriors (D:12)
  An unseen horror (D:11)
  A deep elf mage (D:12)
  An ugly thing (D:11)
  The ghost of markfukenni the Basher, a novice GrFi of Okawaru (D:6)
  4 oklob plants (Lair:4)
  A cyclops (D:11)
  6 elephants
  3 black mambas
  Joseph (D:10)
  5 centaur zombies (D:8)
  A torpor snail (Lair:3)
  9 spiny frogs
  A gargoyle (D:12)
  6 komodo dragons
  A rime drake (Lair:2)
  A yaktaur (D:12)
  A queen bee (Lair:2)
  2 hellwings (D:8)
  3 trolls
  A merfolk (D:10)
  A hornet (D:12)
  A polar bear (Lair:5)
  2 blink frogs (Lair:2)
  8 hippogriffs
  2 shadows (D:12)
  6 wyverns
  A wraith (D:11)
  28 yaks
  6 basilisks
  A hungry ghost (D:10)
  An acid dragon (D:9)
  8 water moccasins
  8 porcupines
  A black bear (D:10)
  6 orc warriors
  4 sky beasts
  2 ice beasts
  4 centaurs
  14 ogres
  4 wolves (Lair:2)
  A big kobold (D:10)
  Blork the orc (D:11)
  5 crocodiles
  12 bullfrogs
  2 wyvern skeletons
  A scorpion (D:9)
  7 wights (D:12)
  31 killer bees
  A howler monkey (D:8)
  An electric eel (Lair:1)
  3 hounds
  3 crimson imps
  3 orc priests
  A jelly (D:6)
  A bullfrog skeleton (D:10)
  5 centaur skeletons
  4 iguanas
  A hell rat (Lair:2)
  6 worker ants
  9 orc wizards
  A killer bee zombie (D:8)
  A hound zombie (D:6)
  A howler monkey zombie (D:11)
  2 worker ant zombies (D:11)
  8 gnolls
  15 adders
  8 shadow imps
  An ooze (D:7)
  An adder zombie (D:7)
  An adder skeleton (D:4)
  4 worms
  4 dart slugs
  2 leopard geckos
  33 orcs
  3 ball pythons
  5 bats
  9 giant cockroaches
  9 goblins
  9 hobgoblins
  3 jackals (D:5)
  12 kobolds
  4 quokkas
  2 frilled lizards (D:3)
  5 rats
  A fungus (Lair:2)
  9 plants
423 creatures vanquished.

Vanquished Creatures (others)
  A komodo dragon (Lair:4)
  A yak (Lair:3)
  Menkaure (D:5)
  A crocodile (D:9)
  An iguana (D:4)
  An orc wizard (D:12)
  A worker ant zombie (D:5)
  An orc (D:9)
  A goblin (D:2)
  2 fungi
  17 plants
  A withered plant (D:8)
29 creatures vanquished.

Grand Total: 452 creatures vanquished

Notes
Turn   | Place    | Note
-------+----------+-------------------------------------------
     0 | D:1      | shamaniam the Troll Fighter began the quest for the Orb.
     0 | D:1      | Reached XP level 1. HP: 22/22 MP: 0/0
   118 | D:1      | Reached XP level 2. HP: 8/29 MP: 1/1
   348 | D:1      | Found a shattered altar of Ashenzari.
   658 | D:2      | Found a radiant altar of Vehumet.
   720 | D:2      | Reached XP level 3. HP: 27/36 MP: 2/2
   926 | D:2      | Found a sacrificial altar of Ru.
   932 | D:2      | Became a worshipper of Ru the Awakened
   977 | D:2      | Reached skill level 3 in Unarmed Combat
  1111 | D:2      | Reached XP level 4. HP: 40/44 MP: 3/3
  1803 | D:3      | Reached XP level 5. HP: 53/53 MP: 4/4
  1922 | D:3      | Found a shimmering altar of Xom.
  1922 | D:3      | Found a bloodstained altar of Trog.
  2025 | D:3      | Gained mutation: You are sensitive to extremes of
                  | temperature. (rF-, rC-) [Ru sacrifice]
  2025 | D:3      | Reached * piety under Ru
  2025 | D:3      | Reached ** piety under Ru
  2470 | D:4      | Found a basalt altar of Yredelemnul.
  2612 | D:4      | Reached skill level 4 in Unarmed Combat
  2675 | D:4      | Noticed an ogre
  2682 | D:4      | Killed an ogre
  2682 | D:4      | Reached XP level 6. HP: 54/61 MP: 5/5
  3032 | D:5      | Entered Level 5 of the Dungeon
  3042 | D:5      | Killed Menkaure
  3131 | D:5      | Noticed a sky beast
  3139 | D:5      | Killed a sky beast
  3139 | D:5      | Reached skill level 5 in Unarmed Combat
  3139 | D:5      | Reached XP level 7. HP: 68/68 MP: 6/6
  3582 | D:5      | Found a hazy altar of Hepliaklqana.
  3924 | D:6      | Found a runed gate.
  3924 | D:6      | Found a runed gate.
  3924 | D:6      | Found a runed gate.
  3924 | D:6      | Noticed markfukenni's ghost (novice GrFi)
  4082 | D:6      | Found a staircase to the Ecumenical Temple.
  4091 | D:6      | Gained mutation: You are somewhat inexperienced. (-2 XL)
                  | [Ru sacrifice]
  4091 | D:6      | Reached XP level 6. HP: 62/62 MP: 5/5
  4091 | D:6      | Reached XP level 5. HP: 54/54 MP: 4/4
  4091 | D:6      | Reached *** piety under Ru
  4091 | D:6      | Reached **** piety under Ru
  4091 | D:6      | Reached ***** piety under Ru
  4125 | D:6      | Found Zin's Purification Station.
  4130 | D:6      | Found a glowing silver altar of Zin.
  4227 | D:6      | Found a glowing golden altar of the Shining One.
  4241 | D:6      | Noticed a troll
  4250 | D:6      | Killed a troll
  4250 | D:6      | Reached XP level 6. HP: 54/62 MP: 5/5
  4273 | D:6      | Noticed a sky beast
  4292 | D:6      | Killed a sky beast
  4670 | D:6      | Reached XP level 7. HP: 70/70 MP: 7/7
  4675 | D:6      | Reached skill level 1 in Evocations
  4679 | D:6      | Reached skill level 6 in Unarmed Combat
  4728 | D:6      | Found an ornate altar of the Wu Jian Council.
  5068 | D:6      | Killed markfukenni's ghost
  5068 | D:6      | Reached skill level 1 in Spellcasting
  5197 | D:6      | Reached XP level 8. HP: 72/79 MP: 8/8
  5410 | D:7      | Reached skill level 1 in Throwing
  5457 | D:7      | Noticed a hippogriff
  5484 | D:7      | Killed a hippogriff
  5484 | D:7      | Reached skill level 7 in Unarmed Combat
  5714 | D:7      | Found Tobir's Distillery.
  5722 | D:7      | Bought a potion of agility for 44 gold pieces
  5722 | D:7      | Bought a potion of might for 44 gold pieces
  5722 | D:7      | Bought a potion of brilliance for 44 gold pieces
  5722 | D:7      | Bought a potion of heal wounds for 55 gold pieces
  5722 | D:7      | Bought a potion of flight for 33 gold pieces
  5886 | D:7      | Found a snail-covered altar of Cheibriados.
  6107 | D:7      | Noticed a hippogriff
  6118 | D:7      | Killed a hippogriff
  6173 | D:7      | Learned a level 5 spell: Silence
  6178 | D:7      | Learned a level 4 spell: Cause Fear
  6307 | D:8      | Reached XP level 9. HP: 87/87 MP: 9/11
  6316 | D:8      | Reached skill level 5 in Fighting
  6316 | D:8      | Reached skill level 5 in Dodging
  6318 | D:8      | Reached skill level 5 in Shields
  6331 | D:8      | Reached skill level 8 in Unarmed Combat
  6478 | D:8      | Reached XP level 10. HP: 92/96 MP: 12/12
  6494 | D:8      | Found an opulent altar of Gozag.
  6513 | D:8      | Found a bloodstained altar of Trog.
  7043 | D:9      | Found a shadowy altar of Dithmenos.
  7088 | D:9      | Reached skill level 1 in Hexes
  7244 | D:9      | Reached skill level 9 in Unarmed Combat
  7251 | D:9      | Found a white marble altar of Elyvilon.
  7529 | D:9      | Found a staircase to the Lair.
  7722 | D:9      | Found a snail-covered altar of Cheibriados.
  7779 | D:9      | Found a hide-covered altar of Uskayaw.
  7890 | D:9      | Noticed Erica
  7902 | D:9      | Killed Erica
  7902 | D:9      | Reached skill level 1 in Armour
  7916 | D:9      | Found a staircase to the Orcish Mines.
  8100 | D:9      | Noticed a two-headed ogre
  8100 | D:9      | Noticed a two-headed ogre
  8103 | D:9      | Noticed a two-headed ogre
  8111 | D:9      | Killed a two-headed ogre
  8111 | D:9      | Reached XP level 11. HP: 83/105 MP: 14/14
  8118 | D:9      | Killed a two-headed ogre
  8123 | D:9      | Killed a two-headed ogre
  8123 | D:9      | Reached skill level 10 in Unarmed Combat
  8464 | D:10     | Entered Level 10 of the Dungeon
  8509 | D:10     | Got a slimy amber ring
  9054 | D:10     | Noticed Joseph
  9063 | D:10     | Killed Joseph
  9227 | D:11     | Noticed a two-headed ogre
  9236 | D:11     | Killed a two-headed ogre
  9331 | D:11     | Noticed Blork the orc
  9339 | D:11     | Killed Blork the orc
  9351 | D:11     | Found a deep blue altar of Sif Muna.
  9399 | D:11     | Noticed a two-headed ogre
  9411 | D:11     | Killed a two-headed ogre
  9488 | D:11     | Noticed an unseen horror
  9494 | D:11     | Killed an unseen horror
  9496 | D:11     | Identified the ring of Plog {Int+3 Stlth-} (You found it on
                  | level 10 of the Dungeon)
  9555 | D:11     | Noticed a cyan ugly thing
  9570 | D:11     | Killed a cyan ugly thing
  9710 | D:11     | Reached skill level 5 in Evocations
  9763 | D:11     | Reached skill level 5 in Armour
  9772 | D:11     | Reached skill level 11 in Unarmed Combat
  9828 | D:11     | Found Fesezerr's Book Shoppe.
 10366 | D:12     | Reached XP level 12. HP: 106/113 MP: 15/15
 10432 | D:12     | Noticed a tengu warrior
 10438 | D:12     | Noticed a tengu warrior
 10475 | D:12     | Killed a tengu warrior
 10496 | D:12     | Killed a tengu warrior
 10691 | D:12     | Noticed a two-headed ogre
 10706 | D:12     | Killed a two-headed ogre
 11011 | D:12     | Found a portal to a secret trove of treasure.
 11582 | Lair:1   | Entered Level 1 of the Lair of Beasts
 11674 | Lair:1   | Found a transporter.
 11677 | Lair:1   | Found a transporter.
 11677 | Lair:1   | Noticed servayboy's ghost (journeyman MiFi)
 12946 | Lair:2   | Noticed an eight-headed hydra
 12958 | Lair:2   | HP: 4/114 [nine-headed hydra (2)]
 13341 | Lair:2   | Got an encrusted hand axe
 13342 | Lair:2   | Identified the +5 hand axe of Ebyff {chop, rPois MR++} (You
                  | found it on level 2 of the Lair of Beasts)
 13346 | Lair:2   | Found a staircase to the Shoals.
 13584 | Lair:2   | Killed a nine-headed hydra
 13804 | Lair:2   | HP: 4/115 [wolf (2)]
 14003 | Lair:2   | Reached XP level 13. HP: 97/123 MP: 17/17
 14679 | Lair:2   | Got a steaming dagger
 14681 | Lair:2   | Identified the +9 dagger of Pykaz {pierce, *Contam +Blink
                  | rElec rPois} (You found it on level 2 of the Lair of
                  | Beasts)
 14794 | Lair:2   | Reached skill level 12 in Unarmed Combat
 15047 | Lair:3   | Found a staircase to the Snake Pit.
 17186 | D:11     | Bought a book of Cantrips for 260 gold pieces
 17189 | D:11     | Learned a level 1 spell: Confusing Touch
 17893 | Lair:5   | Demolished by a komodo dragon

Skill      XL: |  1  2  3  4  5  6  7  8  9 10 11 12 13 |
---------------+----------------------------------------+-----
Unarmed Combat | 3 4 5 6 7 8 9 11 12 | 12.3
Shields        | 3 4 5 6 7 8 |  8.2
Fighting       | 3 4 5 6 7 |  7.3
Dodging        | 3 4 5 6 7 |  7.3
Evocations     | 1 2 3 4 5 6 |  6.0
Spellcasting   | 1 2 3 4 |  4.5
Throwing       | 2 3 |  3.0
Hexes          | 1 2 3 |  3.7
Armour         | 2 5 6 |  6.9

Action                   |  1- 3 |  4- 6 |  7- 9 | 10-12 | 13-15 || total
-------------------------+-------+-------+-------+-------+-------++-------
Melee: Unarmed           |   107 |   204 |   224 |   791 |   301 ||  1627
       Staff             |       |       |       |     2 |       ||     2
       Scimitar          |       |       |       |       |    27 ||    27
Throw: Large rock        |       |       |       |     6 |       ||     6
 Cast: Confusing Touch   |       |       |       |       |     2 ||     2
Invok: Sacrifice Experie |       |     1 |       |       |       ||     1
       Sacrifice Resista |       |     1 |       |       |       ||     1
       Reject Sacrifices |       |       |       |     2 |       ||     2
       Power Leap        |       |       |       |     2 |       ||     2
       Apocalypse        |       |       |       |     2 |       ||     2
       Draw Out Power    |       |       |       |     1 |       ||     1
Evoke: Wand              |       |       |       |    30 |    15 ||    45
  Use: Scroll            |       |    15 |     3 |    11 |     4 ||    33
       Potion            |       |       |     1 |     4 |       ||     5
 Stab: Sleeping          |     1 |       |     1 |       |       ||     2
       Invisible         |       |     1 |     2 |       |     1 ||     4
       Distracted        |       |     1 |     2 |     4 |     2 ||     9
       Paralysed         |       |       |       |     1 |     2 ||     3
       Petrified         |       |       |       |     3 |       ||     3
  Eat: Chunk             |    16 |    19 |    22 |    72 |    36 ||   165
       Ration            |       |       |     2 |     2 |       ||     4
Armor: Robe              |    49 |    53 |    43 |    16 |       ||   161
       Acid dragon scale |       |       |       |   168 |    70 ||   238
Dodge: Dodged            |    36 |    43 |    35 |   112 |    57 ||   283
Block: Shield            |    52 |    56 |       |       |       ||   108
       Large shield      |       |    34 |   148 |   580 |   270 ||  1032
       Reflection        |       |       |       |       |     2 ||     2
       Rpst.: Scimitar   |       |       |       |       |     2 ||     2
